 Dungeon Crawl Stone Soup version 0.27.1-34-g3ba077fa99 (webtiles) character file.

Game seed: 17993802780879316287

134091 Mitsuki the Scorcher (level 16, -6/76 HPs)
             Began as a Deep Elf Conjurer on Jan 12, 2022.
             Was the Champion of Cheibriados.
             Mangled by a redback (12 damage)
             ... on level 1 of the Spider Nest on Feb 7, 2022.
             The game lasted 02:44:20 (37503 turns).

Mitsuki the Scorcher (Deep Elf Conjurer)           Turns: 37503, Time: 02:44:21

Health: -6/76      AC:  8    Str: 19    XL:     16   Next: 61%
Magic:  25/35      EV: 18    Int: 46    God:    Cheibriados [******]
Gold:   2729       SH: 11    Dex: 36    Spells: 13/42 levels left

rFire    + + .     SeeInvis +   s - staff of fire
rCold    . . .     Faith    .   v - +3 warlock's mirror {reflect}
rNeg     . . .     Spirit   .   a - +1 robe {Archmagi}
rPois    +         Reflect  +   g - +2 hat {SInv}
rElec    .         Harm     .   L - scarf {repulsion}
rCorr    +         Rampage  .   W - +2 pair of gloves
Will     +....     Archmagi +   (no boots)
Stlth    ++++......             B - amulet of regeneration
HPRegen  1.22/turn              b - ring of poison resistance
MPRegen  0.24/turn              A - ring of the Middle {rF+ rCorr Dex+6}

@: repel missiles, very slow
A: antennae 1, thin skeletal structure 1
a: Renounce Religion, Bend Time, Temporal Distortion, Slouch, Step From Time


You were on level 1 of the Spider Nest.
You worshipped Cheibriados.
Cheibriados was exalted by your worship.
You visited 4 branches of the dungeon, and saw 22 of its levels.
You also visited: Bailey.

You collected 5799 gold pieces.
You spent 3070 gold pieces at shops.

Inventory:

Missiles
 i - 4 throwing nets
Armour
 a - a +1 robe of the Archmagi (worn)
 g - a +2 hat of see invisible (worn)
 p - +0 steam dragon scales
 v - the +3 warlock's mirror (worn) {reflect}
   (You acquired it in a bailey)

   It can block and reflect piercing ranged attacks and magical attacks against
   the wielder's willpower.
 L - a scarf of repulsion (worn)
 W - a +2 pair of gloves (worn)
Magical Staves
 s - a staff of fire (weapon)
Jewellery
 b - a ring of poison resistance (left hand)
 t - a ring of flight
 A - the ring of the Middle (right hand) {rF+ rCorr Dex+6}
   (You found it on level 7 of the Dungeon)

   [ring of dexterity]

   Dex:       It affects your dexterity (+6).
   rF:        It protects you from fire.
   rCorr:     It protects you from acid and corrosion.
 B - an amulet of regeneration (around neck)
 C - a ring of ice
 T - the ring "Komuppim" {Ice +Blink}
   (You found it on level 1 of the Lair of Beasts)

   [ring of ice]

   It enhances your ice magic.
   rF:        It makes you vulnerable to fire.
   rC:        It protects you from cold.
   +Blink:    It lets you blink.
Wands
 o - a wand of iceblast (9)
 w - a wand of polymorph (22)
 y - a wand of mindburst (19)
 U - a wand of acid (12)
Scrolls
 d - 5 scrolls of blinking
 h - 3 scrolls of fog
 j - a scroll of identify
 m - 2 scrolls of magic mapping
 n - a scroll of holy word
 q - 11 scrolls of teleportation
 D - a scroll of silence
 E - 4 scrolls of fear
 P - a scroll of enchant weapon
 Q - 4 scrolls of immolation
Potions
 c - a potion of resistance
 e - 2 potions of invisibility
 f - 8 potions of curing
 k - 4 potions of cancellation
 F - 5 potions of heal wounds
 H - 7 potions of magic
 I - 4 potions of brilliance
Miscellaneous
 r - a condenser vane


   Skills:
 - Level 5.0 Dodging
 - Level 2.4 Stealth
 - Level 4.0 Shields
 + Level 13.8 Spellcasting
 + Level 13.5 Conjurations
 - Level 3.6 Necromancy
 - Level 7.0 Translocations
 * Level 18.4 Fire Magic
 + Level 13.8 Invocations


You had 13 spell levels left.
You knew the following spells:

 Your Spells              Type           Power      Damage    Failure   Level
a - Magic Dart            Conj           100%       1d8       0%          1
b - Searing Ray           Conj           100%       3d7       0%          2
c - Passage of Golubria   Tloc           N/A        N/A       1%          4
d - Sublimation of Blood  Necr           39%        N/A       1%          2
e - Blink                 Tloc           N/A        N/A       1%          2
f - Iskenderun's Mystic   Conj/Tloc      100%       2d19      1%          4
g - Mephitic Cloud        Conj/Pois/Air  83%        N/A       1%          3
h - Starburst             Conj/Fire      79%        6d20      1%          6
i - Bolt of Magma         Conj/Fire/Erth 69%        4d27      1%          5

Your spell library contained the following spells:

 Spells                   Type           Power      Damage    Failure   Level
 Foxfire                  Conj/Fire      100%       2x1d9     0%          1
 Conjure Flame            Conj/Fire      100%       6-21      0%          3
 Sticky Flame             Conj/Fire      100%       2d11      0%          4
 Corpse Rot               Necr/Air       N/A        N/A       1%          2
 Static Discharge         Conj/Air       96%        N/A       1%          2
 Dazzling Flash           Conj/Hex       100%       N/A       1%          3
 Inner Flame              Hex/Fire       100%       N/A       1%          3
 Lesser Beckoning         Tloc           48%        N/A       1%          3
 Portal Projectile        Hex/Tloc       100%       N/A       1%          3
 Dispel Undead            Necr           78%        3d26      1%          4
 Fulminant Prism          Conj/Hex       48%        3d21      1%          4
 Hailstorm                Conj/Ice       96%        3d19      1%          4
 Irradiate                Conj/Tmut      48%        3d29      1%          5
 Manifold Assault         Tloc           97%        N/A       1%          5
 Tukima's Dance           Hex            47%        N/A       2%          3
 Ignition                 Fire           83%        3d21      2%          8
 Excruciating Wounds      Necr           39%        N/A       4%          5
 Ice Form                 Ice/Tmut       47%        N/A       8%          4
 Leda's Liquefaction      Hex/Erth       23%        N/A       8%          4
 Olgreb's Toxic Radiance  Pois           47%        N/A       8%          4
 Petrify                  Tmut/Erth      47%        N/A       8%          4
 Summon Lightning Spire   Summ/Air       47%        N/A       8%          4
 Conjure Ball Lightning   Conj/Air       48%        3x3d17    8%          6
 Blade Hands              Tmut           23%        N/A       22%         5
 Yara's Violent Unravell  Hex/Tmut       23%        3d10      22%         5
 Death Channel            Necr           39%        N/A       28%         6
 Simulacrum               Ice/Necr       32%        N/A       50%         6
 Statue Form              Tmut/Erth      31%        N/A       77%         6
 Ozocubu's Refrigeration  Ice            23%        4d9       100%        7
 Storm Form               Tmut/Air       23%        N/A       100%        7
 Maxwell's Capacitive Co  Air            23%        ∞         100%        8


Dungeon Overview and Level Annotations

Branches:
Dungeon (13/15)            Temple (0/1) D:4            Lair (6/6) D:11
  Swamp (0/4) Lair:4       Spider (1/4) Lair:3        Slime (0/5) Lair:5
    Orc (2/2) D:9             Elf (0/3) Orc:2        Bailey (visited)
 Vaults: D:13-14

Altars:
Ashenzari
Cheibriados
Dithmenos
Fedhas
Hepliaklqana
Kikubaaqudgha
Makhleb
Nemelex Xobeh
Okawaru
Sif Muna
Trog
Vehumet
Yredelemnul
Jiyva

Shops:
D:3 *   D:6 (   D:9 !::   D:11 !   D:13 (   Orc:2 [(=?

Portals:
Hell: Lair:6

Annotations:
Lair:5 2 transporters, Thalamas's ghost, journeyman MiBe
Spider:1 2 runed translucent doors
Orc:1 2 transporters, KamiKatze's ghost, journeyman PaBe


Innate Abilities, Weirdness & Mutations

You have a pair of small antennae on your head.
You have a somewhat thin skeletal structure. (Dex +2, Stealth+)


Message History

Okay, then.
Unknown command.
You finish channeling your searing ray.
The orb spider begins to weave its threads into a brightly glowing ball.
You regained 2 hp, and now have 64/76 hp.
You now have 30/35 mp.
A redback comes into view. x2
The redback moves out of view.
A redback comes into view.
The redback bites you! x2; The redback misses you.
The redback bites you but does no damage.
The orb spider weaves a glowing orb of energy.
An orb of destruction comes into view.
You take 18 damage, and have 49/76 hp.
MASSIVE DAMAGE!!
Casting: Searing Ray (safe; 0% risk of failure)
Confirm with . or Enter, or press ? or * to list all spells.
Casting: Starburst (dangerous; 1% risk of failure)
Press: ? - help, Dir - look around, f - activate You feel a strong surge of power!
The bolt of fire hits the redback!!!
You kill the redback!
Cheibriados thoroughly appreciates the change of pace.
The bolt of fire hits the orb spider!!!
The orb spider is almost dead.
The bolt of fire hits the redback!!!
You kill the redback!
Cheibriados thoroughly appreciates the change of pace.
The bolt of fire hits the redback!!!
You kill the redback!
Cheibriados thoroughly appreciates the change of pace.
The bolt of fire hits the redback!!!!
You kill the redback!
Cheibriados thoroughly appreciates the change of pace.
You now have 25/35 mp.
The orb of destruction hits you!!!
Ouch! That really hurt!
* * * LOW HITPOINT WARNING * * *
The redback closely misses you.
The orb spider pulsates with a strange energy.
The redback completely misses you. The redback bites you!
You die...

......# .. .......
..#..# .[. ..#........
..... . ^. ..........
...#... .. .#......).
......... #. #...s.....
.#....... #.##..s......
...[....## ##...○.....#
...#.....# #..†.○s....##
...#.....###.#..@......#
....#.......#..........#
......#....#.#...##.....
.....#......#.^..# ....
......#......#...... ...
.....#............... ..
......†#............. .
......#.......##.....
....^.^.......# ####.


You could see an orb spider (charged) and 2 redbacks.

Vanquished Creatures
  Rupert (D:13)
  An emperor scorpion (Spider:1)
  The ghost of Cykl0x the Carver, a journeyman GrGl of the Shining One (D:13)
  A fire dragon (Lair:6)
  10 hydras
  Harold (D:7)
  An ogre mage (Orc:1)
  A centaur warrior (D:13)
  A catoblepas (Lair:5)
  Erolcha (D:12)
  5 two-headed ogres
  14 death yaks
  3 orc high priests (Orc:2)
  A fire crab (Lair:6)
  A sixfirhy (Lair:6)
  5 skeletal warriors
  A wizard (Lair:6)
  5 orc knights
  A wolf spider (Spider:1)
  An orb spider (Spider:1)
  6 orc sorcerers (Orc:2)
  A deep elf pyromancer (D:13)
  2 ugly things
  3 black mambas
  8 elephants
  2 gargoyles
  2 torpor snails (Lair:6)
  13 cane toads
  An orange demon (Lair:6)
  14 komodo dragons
  10 rime drakes
  2 ice devils (Lair:6)
  A hellwing (Lair:6)
  3 red devils (Lair:6)
  3 trolls
  Grinder (D:6)
  6 polar bears
  2 hornets
  13 blink frogs
  13 dream sheep
  19 slime creatures
  5 redbacks
  A tarantella (Spider:1)
  A vampire (D:13)
  47 yaks
  5 wraiths
  7 basilisks
  5 wyverns
  10 steam dragons
  3 vampire mosquitoes (D:13)
  4 wargs
  4 hell hounds (Lair:6)
  14 two-headed ogre zombies (Orc:1)
  6 acid dragons
  24 water moccasins
  23 orc warriors
  A sky beast (D:6)
  3 ice beasts
  2 black bears
  25 wolves
  7 ogres
  15 centaurs
  10 bullfrogs
  A gnoll sergeant (D:10)
  A wyvern zombie (D:6)
  3 scorpions (D:5)
  10 killer bees
  10 wights (D:8)
  3 electric eels (D:9)
  4 centaur zombies
  3 bullfrog zombies
  3 iron imps (D:9)
  5 jellies
  15 orc priests
  A gnoll shaman (D:8)
  4 hounds
  2 iguanas
  A scorpion zombie (D:3)
  22 orc wizards
  Natasha (thrice) (D:2)
  4 hell rats
  A killer bee zombie (D:6)
  2 hound zombies (D:5)
  24 gnolls
  4 adders
  2 adder skeletons (D:5)
  A worm (D:3)
  2 dart slugs
  36 orcs
  4 endoplasms
  2 giant cockroaches
  7 goblins
  12 hobgoblins
  3 jackals (D:1)
  16 kobolds
  3 quokkas
  5 ball pythons
  8 bats
  8 frilled lizards
  4 rats
  A rat zombie (D:8)
643 creatures vanquished.

Vanquished Creatures (others)
  2 hounds (D:4)
  2 bushes (Lair:2)
  51 fungi
  59 plants
114 creatures vanquished.

Grand Total: 757 creatures vanquished

Notes
Turn   | Place    | Note
-------+----------+-------------------------------------------
     0 | D:1      | Mitsuki the Deep Elf Conjurer began the quest for the Orb.
     0 | D:1      | Reached XP level 1. HP: 10/10 MP: 6/6
   169 | D:1      | Found a faded altar of an unknown god.
   213 | D:1      | Reached XP level 2. HP: 15/15 MP: 5/8
   241 | D:1      | Became a worshipper of Cheibriados the Contemplative
   241 | D:1      | Reached * piety under Cheibriados
   336 | D:1      | Learned a level 2 spell: Searing Ray
  1139 | D:2      | Found a broken altar of Ashenzari.
  1277 | D:2      | Noticed Natasha
  1283 | D:2      | Killed Natasha
  1284 | D:2      | Reached skill level 5 in Conjurations
  1284 | D:2      | Reached skill level 1 in Invocations
  1284 | D:2      | Reached XP level 3. HP: 9/19 MP: 2/10
  1467 | D:2      | You fall into a shaft and drop 1 floor!
  1500 | D:3      | Reached ** piety under Cheibriados
  1501 | D:3      | Reached XP level 4. HP: 24/24 MP: 6/11
  1633 | D:3      | Found a shadowy altar of Dithmenos.
  1696 | D:2      | Noticed Natasha
  1703 | D:2      | Killed Natasha
  2233 | D:2      | Noticed Natasha
  2237 | D:2      | Killed Natasha
  2238 | D:2      | Reached XP level 5. HP: 28/28 MP: 8/13
  2793 | D:3      | Found Kiawi's Assorted Antiques.
  3147 | D:3      | Found a radiant altar of Vehumet.
  3281 | D:4      | Noticed a water moccasin
  3284 | D:4      | Killed a water moccasin
  3285 | D:4      | Reached skill level 5 in Spellcasting
  3285 | D:4      | Reached XP level 6. HP: 32/32 MP: 10/15
  3434 | D:4      | Identified the +5 ring mail of Repulsion {rC+ Str+6}
  3532 | D:4      | Found a staircase to the Ecumenical Temple.
  3574 | D:4      | Reached *** piety under Cheibriados
  3638 | D:4      | Found a sparkling altar of Nemelex Xobeh.
  4213 | D:4      | Noticed a water moccasin
  4216 | D:4      | Killed a water moccasin
  4217 | D:4      | Reached XP level 7. HP: 36/36 MP: 11/17
  4741 | D:5      | Entered Level 5 of the Dungeon
  4841 | D:5      | Found a basalt altar of Yredelemnul.
  5905 | D:5      | Reached XP level 8. HP: 33/41 MP: 14/19
  6184 | D:5      | Found a shimmering blue altar of Sif Muna.
  6311 | D:6      | Got the Grimoire of Cold and Lightness
  6341 | D:6      | Reached skill level 5 in Dodging
  6345 | D:6      | Reached skill level 1 in Fire Magic
  6393 | D:6      | Found a blossoming altar of Fedhas.
  6435 | D:6      | Reached skill level 2 in Fire Magic
  6436 | D:6      | Reached skill level 3 in Fire Magic
  6436 | D:6      | Reached skill level 5 in Invocations
  6505 | D:6      | Learned a level 4 spell: Passage of Golubria
  6534 | D:6      | Reached **** piety under Cheibriados
  6621 | D:6      | Reached skill level 1 in Translocations
  6621 | D:6      | Reached skill level 4 in Fire Magic
  6953 | D:6      | Noticed Grinder
  6959 | D:6      | Paralysed by Grinder for 7 turns
  6966 | D:6      | Killed Grinder
  6967 | D:6      | Reached skill level 5 in Fire Magic
  7217 | D:6      | Reached XP level 9. HP: 45/45 MP: 13/20
  7394 | D:6      | Reached skill level 6 in Fire Magic
  7521 | D:6      | Found Sycob's Weapon Shop.
  7662 | D:7      | Noticed Harold
  8118 | D:7      | Found a hazy altar of Hepliaklqana.
  8149 | D:7      | Identified the ring of the Middle {rF+ rCorr Dex+6}
  8200 | D:7      | Killed Harold
  8201 | D:7      | Reached skill level 8 in Fire Magic
  8462 | D:7      | Reached skill level 5 in Translocations
  8700 | D:7      | You fall into a shaft and drop 1 floor!
  8895 | D:8      | Reached XP level 10. HP: 50/50 MP: 14/21
  9087 | D:8      | Found a broken altar of Ashenzari.
  9264 | D:8      | Reached skill level 9 in Fire Magic
 10148 | D:7      | Identified the +3 quarterstaff "Fudas" {spect, Fly rF- rN+
                  | Int+4}
 11356 | D:8      | Found an ancient bone altar of Kikubaaqudgha.
 11575 | D:8      | Reached skill level 10 in Fire Magic
 11879 | D:9      | Identified a scroll of acquirement
 11879 | D:9      | Acquired 624 gold pieces
 12272 | D:9      | Found Bawninah's Book Shoppe.
 12295 | D:9      | Learned a level 2 spell: Sublimation of Blood
 12459 | D:9      | Bought a book of Spatial Translocations for 338 gold pieces
 12462 | D:9      | Learned a level 2 spell: Blink
 12476 | D:9      | Found Ilunirix's Book Shop.
 12599 | D:9      | Found Dydghuxt's Distillery.
 12606 | D:9      | Noticed a two-headed ogre
 12614 | D:9      | Killed a two-headed ogre
 12615 | D:9      | Reached skill level 1 in Necromancy
 12752 | D:9      | Reached XP level 11. HP: 54/54 MP: 6/22
 12873 | D:9      | Found a burning altar of Makhleb.
 12959 | D:9      | Bought a potion of lignification for 48 gold pieces
 12959 | D:9      | Bought a potion of heal wounds for 80 gold pieces
 13183 | D:9      | Found a staircase to the Orcish Mines.
 13293 | D:10     | Entered Level 10 of the Dungeon
 13449 | D:9      | Reached ***** piety under Cheibriados
 13597 | D:10     | Reached skill level 11 in Fire Magic
 14173 | D:10     | Found an iron altar of Okawaru.
 14210 | D:11     | Found a flagged portal.
 14225 | Bailey   | Entered a bailey
 14752 | Bailey   | Acquired the +3 warlock's mirror {reflect}
 14752 | Bailey   | Found the +3 warlock's mirror {reflect}
 14759 | Bailey   | Acquired 1198 gold pieces
 14974 | D:11     | Found Renypack's Distillery.
 15024 | D:11     | Reached skill level 1 in Shields
 15132 | D:11     | Bought a potion of brilliance for 72 gold pieces
 15132 | D:11     | Bought a potion of curing for 54 gold pieces
 15132 | D:11     | Bought a potion of heal wounds for 90 gold pieces
 15133 | D:11     | Noticed a skeletal warrior
 15133 | D:11     | Noticed a skeletal warrior
 15227 | D:11     | Killed a skeletal warrior
 15227 | D:11     | Reached ****** piety under Cheibriados
 15293 | D:11     | Learned a level 4 spell: Iskenderun's Mystic Blast
 15319 | D:11     | Noticed a skeletal warrior
 15320 | D:11     | Noticed a skeletal warrior
 15325 | D:11     | Noticed a skeletal warrior
 15727 | D:10     | Killed a skeletal warrior
 15843 | D:10     | Killed a skeletal warrior
 15985 | Orc:1    | Entered Level 1 of the Orcish Mines
 16629 | Orc:1    | Reached skill level 12 in Fire Magic
 16921 | Orc:1    | Noticed KamiKatze's ghost (journeyman PaBe)
 16928 | Orc:1    | Noticed an orc knight
 16943 | Orc:1    | Killed an orc knight
 17054 | Orc:1    | Found a transporter.
 17081 | Orc:1    | Found a transporter.
 17321 | Orc:1    | Reached skill level 10 in Invocations
 17861 | Orc:1    | Noticed an ogre mage
 17870 | Orc:1    | Reached XP level 12. HP: 59/59 MP: 7/25
 17870 | Orc:1    | Killed an ogre mage
 18063 | Orc:2    | Entered Level 2 of the Orcish Mines
 18145 | Orc:2    | Noticed a two-headed ogre
 18657 | Orc:2    | Noticed an orc high priest
 18668 | Orc:2    | HP: 1/57 [orc high priest/divine providence (12)]
 18671 | Orc:2    | Killed an orc high priest
 18676 | Orc:2    | Reached skill level 10 in Conjurations
 18686 | Orc:2    | HP: 1/59 [orc warrior (8)]
 18738 | Orc:2    | Killed a two-headed ogre
 19111 | Orc:2    | Found a staircase to the Elven Halls.
 19370 | Orc:2    | Reached skill level 13 in Fire Magic
 19689 | Orc:2    | Noticed an orc high priest
 19736 | Orc:2    | Noticed an orc high priest
 19752 | Orc:2    | Killed an orc high priest
 19805 | Orc:2    | Killed an orc high priest
 20160 | Orc:2    | Learned a level 3 spell: Mephitic Cloud
 20170 | Orc:2    | Found Valutim's Armour Boutique.
 20256 | Orc:2    | Found Liamanno's Jewellery Shoppe.
 20262 | Orc:2    | Found Woyvolaf's Magic Scroll Shoppe.
 20264 | Orc:2    | Found Leumuseo's Antique Weapon Boutique.
 20270 | Orc:2    | Bought a scroll of acquirement for 884 gold pieces
 20512 | Orc:2    | Bought a scarf of repulsion for 168 gold pieces
 20535 | Orc:2    | Bought a scroll of teleportation for 51 gold pieces
 20535 | Orc:2    | Bought a scroll of identify for 34 gold pieces
 20535 | Orc:2    | Bought a scroll of identify for 34 gold pieces
 20535 | Orc:2    | Bought a scroll of teleportation for 51 gold pieces
 20535 | Orc:2    | Bought a scroll of identify for 34 gold pieces
 20940 | D:9      | Bought a potion of heal wounds for 80 gold pieces
 21127 | D:11     | Noticed a two-headed ogre
 21148 | D:11     | Killed a two-headed ogre
 21387 | D:11     | Found a staircase to the Lair.
 21747 | D:11     | Noticed a two-headed ogre
 21755 | D:11     | Killed a two-headed ogre
 21756 | D:11     | Reached XP level 13. HP: 63/63 MP: 17/28
 22220 | D:11     | Reached skill level 14 in Fire Magic
 22488 | D:9      | Bought a book of Spectacle for 480 gold pieces
 22495 | D:9      | Learned a level 6 spell: Starburst
 22515 | D:9      | Bought the Unrestrained Analects for 572 gold pieces
 22789 | D:12     | Noticed Erolcha
 22794 | D:12     | Killed Erolcha
 22796 | D:12     | Reached skill level 10 in Spellcasting
 22808 | D:12     | Noticed Maurice
 22938 | D:12     | Noticed Maurice
 22938 | D:12     | Maurice changed into Maurice the bat
 22939 | D:12     | Killed Maurice the bat
 24447 | D:13     | Found a radiant altar of Vehumet.
 24545 | D:13     | Found a runed translucent gate.
 24546 | D:13     | Found a runed translucent gate.
 24547 | D:13     | Found a runed translucent gate.
 24550 | D:13     | Found a viscous altar of Jiyva.
 24550 | D:13     | Noticed Cykl0x's ghost (journeyman GrGl)
 24740 | D:13     | Noticed Rupert
 24747 | D:13     | Killed Rupert
 24845 | D:13     | Found Raaqoucs's Weapon Shop.
 26017 | Lair:1   | Entered Level 1 of the Lair of Beasts
 26043 | Lair:1   | Reached skill level 15 in Fire Magic
 26219 | Lair:1   | Identified the ring "Komuppim" {Ice +Blink}
 27418 | Lair:2   | Identified the +3 hunting sling "Giant's Toothpick"
                  | {vorpal, Drain Fragile rElec Dex+7}
 27495 | Lair:2   | Acquired 1109 gold pieces
 27969 | Lair:2   | Reached XP level 14. HP: 68/68 MP: 15/31
 28373 | Lair:3   | Acquired a +1 hat of see invisible
 28841 | Lair:3   | Found a hole to the Spider Nest.
 30238 | Lair:4   | Found a staircase to the Swamp.
 30333 | Lair:1   | Acquired a staff of conjuration
 31119 | Lair:4   | Reached skill level 16 in Fire Magic
 31440 | Lair:4   | Identified the +4 plate armour "Yvafyown" {Int+2}
 32609 | Lair:5   | Noticed Thalamas's ghost (journeyman MiBe)
 32610 | Lair:5   | Found a transporter.
 32613 | Lair:5   | Found a bloodstained altar of Trog.
 32700 | Lair:5   | Identified the +1 leather armour of Limited Liability
                  | {rPois rC+ Int+4 Dex-3}
 32997 | Lair:5   | Found a staircase to the Slime Pits.
 33049 | Lair:5   | Found a transporter.
 33333 | Lair:6   | Entered Level 6 of the Lair of Beasts
 33722 | Lair:6   | Reached XP level 15. HP: 72/72 MP: 20/33
 34094 | Lair:6   | Reached skill level 17 in Fire Magic
 34310 | Lair:5   | Learned a level 5 spell: Bolt of Magma
 36202 | Lair:6   | Found a burning altar of Makhleb.
 36376 | Lair:6   | Found a gateway to Hell.
 36717 | Lair:1   | Gained mutation: You have a pair of small antennae on your
                  | head. [potion of mutation]
 36717 | Lair:1   | Gained mutation: You have a somewhat thin skeletal
                  | structure. (Dex +2, Stealth+) [potion of mutation]
 36791 | D:13     | Killed Cykl0x's ghost
 36935 | D:13     | Reached skill level 18 in Fire Magic
 36935 | D:13     | Reached XP level 16. HP: 76/76 MP: 35/35
 37293 | Spider:1 | Entered Level 1 of the Spider Nest
 37304 | Spider:1 | Found a runed translucent gate.
 37305 | Spider:1 | Found a runed translucent gate.
 37314 | Spider:1 | Acquired a +1 robe of the Archmagi
 37503 | Spider:1 | Mangled by a redback

Illustrated notes

Levels and vault maps discovered:
D:1:      psy_arrival_wood_between_worlds, layout_basic,
          chequers_ecumenical_altar_island
D:2:      layout_basic, basic_altar, uniq_natasha
D:3:      minmay_angry_zag, layout_basic, mainiacjoe_overflow_boulevard,
          grunt_dithmenos_smoke, serial_shops, nicolae_shop_stone
D:4:      layout_loops_ring, nemelex_spade_bored_becter, temple_green,
          eino_tiny_chamber, corexii_item_surrounded_by_moat,
          lemuel_flame_loot_1
D:5:      minmay_evil_eye, layout_loops_cross, kennysheep_mini_moat,
          nicolae_overflow_hidden_temple, serial_bayou_ford_a,
          kennysheep_generic_room_14
D:6:      layout_basic, mainiacjoe_overflow_tiny_flanked, serial_corexii_hall,
          corexii_hall_statues_deadend, corexii_hall_statues_deadend,
          chequers_hall_statues_y, corexii_hall_statues_i, serial_shops, shop,
          minmay_misc_feat_doors, uniq_grinder
D:7:      layout_basic, overflow_temple_1_default, minmay_microvault,
          uniq_harold
D:8:      layout_loops_corners, ashenzari_conservatory_becter,
          lemuel_zombie_altar_kikubaaqudgha, minmay_misc_feat_square
D:9:      layout_big_octagon, demons_altar, david_orc_4, serial_shops,
          nicolae_inconvenience_store, nicolae_diamond_shop, shop
D:10:     layout_cave_pools, mainiacjoe_overflow_alcove_4
D:11:     layout_irregular_city, erik_lair_orcish_takeover, serial_shops,
          nicolae_square_shop, enter_bailey_5, minmay_puff
D:12:     layout_loops_ring, uniq_erolcha, uniq_maurice
D:13:     layout_irregular_city, serial_shops, nicolae_take_the_stairs,
          gammafunk_ghost_ooze, nicolae_vehumet_altar_sigil, uniq_rupert
Lair:1:   layout_layer_cave
Lair:2:   layout_loops_ring
Lair:3:   layout_regular_city, spider_nest_entry_a
Lair:4:   layout_regular_city, swamp_mist_pool, kennysheep_basilisk_garden,
          grunt_megastairs_5
Lair:5:   layout_loops_ring, minmay_slime_entry_pillars,
          gammafunk_ghost_wrathful_warriors, minmay_hedge_maze
Lair:6:   evil_forest, layout_small_grid, serial_bayou_pond_c,
          chequers_serial_rivers_large_a, bobbens_dragon_lair_wall
Spider:1: layout_spider_delve, gammafunk_ghost_split
Orc:1:    lemuel_ogre_cave, layout_diamond_mine, gammafunk_ghost_stat_death
Orc:2:    st_orc_elflike, layout_diamond_mine

Skill      XL: |  1  2  3  4  5  6  7  8  9 10 11 12 13 14 15 |
---------------+----------------------------------------------+-----
Conjurations   | 5 6 7 8 9 10 11 12 13 | 13.5
Invocations    | 1 2 3 4 6 7 9 10 11 12 13 | 13.8
Spellcasting   | 4 5 6 7 9 11 12 13 | 13.8
Dodging        | 3 4 5 |  5.0
Fire Magic     | 5 8 10 12 13 15 16 18 | 18.4
Translocations | 2 5 7 |  7.0
Necromancy     | 1 3 |  3.6
Shields        | 2 4 |  4.0
Stealth        | |  2.4

Action                   |  1- 3 |  4- 6 |  7- 9 | 10-12 | 13-15 | 16-18 || total
-------------------------+-------+-------+-------+-------+-------+-------++-------
Melee: Hand axe          |     1 |       |       |       |       |       ||     1
       Staff             |       |       |     1 |    59 |   170 |       ||   230
 Cast: Magic Dart        |    51 |    72 |    56 |   309 |   196 |     2 ||   686
       Searing Ray       |     1 |    10 |    49 |   184 |    35 |     1 ||   280
       Passage of Golubr |       |       |       |    13 |     5 |       ||    18
       Blink             |       |       |       |    38 |       |       ||    38
       Sublimation of Bl |       |       |       |    11 |     2 |       ||    13
       Iskenderun's Myst |       |       |       |    33 |   143 |       ||   176
       Starburst         |       |       |       |       |    87 |     1 ||    88
       Mephitic Cloud    |       |       |       |       |    13 |       ||    13
       Bolt of Magma     |       |       |       |       |    33 |     5 ||    38
Invok: Temporal Distorti |       |       |     2 |     3 |       |       ||     5
       Slouch            |       |       |     1 |       |       |       ||     1
Evoke: Wand              |       |       |       |     6 |     2 |       ||     8
  Use: Scroll            |       |     1 |       |    22 |    10 |     2 ||    35
       Potion            |       |       |       |     5 |     3 |       ||     8
 Stab: Sleeping          |       |       |       |     1 |     1 |       ||     2
       Confused          |       |       |       |       |     4 |       ||     4
       Distracted        |       |       |       |       |     1 |       ||     1
Armor: Robe              |     2 |       |       |       |       |     1 ||     3
       Ring mail         |       |     1 |    28 |   133 |       |       ||   162
       Acid dragon scale |       |       |       |       |    57 |       ||    57
       Steam dragon scal |       |       |       |       |     1 |       ||     1
Dodge: Dodged            |     5 |     4 |    67 |   332 |   237 |     3 ||   648
       Repelled          |       |       |       |       |     4 |       ||     4
Block: Buckler           |       |       |       |   150 |   206 |       ||   356
       Reflection        |       |       |       |    14 |    21 |       ||    35
